 Dungeon Crawl Stone Soup version 0.31-a0-702-gf82c85558f (webtiles) character file.

Game seed: 11955540982218227489

1252 qw the Skirmisher (level 8, -3/49 HPs)
             Began as a Gargoyle Hunter on Sept 8, 2023.
             Was a Follower of Okawaru.
             Slain by a troll (10 damage)
             ... on level 8 of the Dungeon.
             The game lasted 00:01:57 (3610 turns).

qw the Skirmisher (Gargoyle Hunter)                 Turns: 3610, Time: 00:01:58

Health: -3/49      AC: 14    Str: 15    XL:     8   Next: 51%
Magic:  7/10       EV: 14    Int: 10    God:    Okawaru [*.....]
Gold:   203        SH:  0    Dex: 15    Spells: 7/7 levels left

rFire   . . .        Y - +0 orcbow
rCold   + + .        (shield currently unavailable)
rNeg    + . .        d - +0 ring mail
rPois   inf          c - +0 helmet
rElec   +            (no cloak)
rCorr   .            h - +0 pair of gloves
SInv    .            (no boots)
Will    .....        (no amulet)
Stlth   +++          i - ring of protection from cold
HPRegen 0.28/turn    e - ring of protection from cold
MPRegen 0.12/turn

%: no passive effects
@: heroic
A: sickness immunity, AC +5, negative energy resistance 1, electricity
resistance, torment resistance 1, petrification resistance
a: Renounce Religion, Heroism


You were on level 8 of the Dungeon.
You worshipped Okawaru.
Okawaru was aware of your devotion.
You visited 1 branch of the dungeon, and saw 6 of its levels.

You collected 203 gold pieces.


Innate Abilities, Weirdness & Mutations

You are immune to sickness and miasma.
Your stone body is resilient. (AC +5)
You are immune to poison.
You resist negative energy. (rN+)
You are resistant to electric shocks. (rElec)
You are resistant to unholy torment.
You are immune to petrification.


   Skills:
 - Level 5.1(10.1) Fighting
 + Level 8.8(13.8) Ranged Weapons
 - Level 2.2(7.2) Armour
 - Level 2.1(7.1) Dodging
 - Level 1.1(6.1) Stealth
 + Level 3.6 Invocations


You had 7 spell levels left.
You didn't know any spells.
Your spell library was empty.

Inventory:

Hand Weapons
 Y - a +0 orcbow (weapon)
Armour
 c - a +0 helmet (worn)
 d - a +0 ring mail (worn)
 h - a +0 pair of gloves (worn)
 m - a +0 pair of boots
Jewellery
 e - a ring of protection from cold (right hand)
 i - a ring of protection from cold (left hand)
Scrolls
 a - 2 scrolls of teleportation {unknown}
 g - a scroll of identify
Potions
 b - a potion of might {unknown}
 f - a potion of ambrosia {unknown}
 j - a potion of cancellation {unknown}
 k - a potion of heal wounds {unknown}
 l - a potion of haste {unknown}
 n - a potion of curing

Dungeon Overview and Level Annotations

Branches:
Dungeon (5/15)
 Temple: D:4-7

Altars:
Elyvilon
Gozag
Okawaru
Qazlal
Sif Muna
Trog

Shops:
D:1 [   D:5 *

Annotations:
D:5 1 runed translucent door, qw's ghost, amateur GrHu


Message History

The arrow hits the steam dragon but does no damage.
The steam dragon is almost dead.
The steam dragon bites you but does no damage.
The steam dragon claws you but does no damage.
You shoot an arrow.
The arrow closely misses the steam dragon.
The steam dragon barely misses you. The steam dragon claws you.
You shoot an arrow.
The arrow barely misses the steam dragon.
The steam dragon misses you. The steam dragon barely misses you.
You shoot an arrow. The arrow hits the steam dragon!
You kill the steam dragon!
Okawaru accepts your kill.
The bullfrog hits you but does no damage.
Your Invocations skill increases to level 3!
You shoot an arrow. The arrow closely misses the bullfrog.
You feel like a meek peon again. The bullfrog barely misses you.
3603 ||| INVOKING Heroism.
You gain the combat prowess of a mighty hero.
The bullfrog hits you but does no damage.
You shoot an arrow. The arrow hits the bullfrog!
The bullfrog is severely wounded.
The bullfrog closely misses you. The bullfrog hits you.
You shoot an arrow. The arrow closely misses the bullfrog.
The bullfrog hits you but does no damage.
You shoot an arrow. The arrow misses the bullfrog.
The bullfrog closely misses you.
You shoot an arrow. The arrow hits the bullfrog!
You kill the bullfrog!
Okawaru accepts your kill.
You shoot an arrow. The arrow closely misses the troll.
The troll bites you. The troll closely misses you.
The troll claws you but does no damage.
You shoot an arrow. The arrow barely misses the troll.
The troll bites you!
The troll claws you but does no damage. x2
You shoot an arrow.
The arrow hits the troll but does no damage.
The troll bites you!
You die...

# #.........# T...
# ##.........# ...
###..........# ..
.............# ##.#
#...........## #..#
##..........# ##.#
##.........#####..#
#............##T##
#........#....@##
##......#####..#
##....## ##.#
###.## #.# ### #.#
#.. ##. .#


You could see a troll.

Vanquished Creatures
  Sigmund (D:3)
  A steam dragon (D:8)
  An ice beast (D:5)
  An ogre (D:4)
  A centaur (D:4)
  A bullfrog (D:8)
  A scorpion (D:5)
  A hound (D:3)
  3 orc priests
  Ijyb (D:4)
  Jessica (D:2)
  3 iguanas
  4 orc wizards
  Robin (D:3)
  4 gnolls (D:5)
  5 adders
  A worm (D:3)
  3 dart slugs
  26 orcs
  9 ball pythons
  7 endoplasms
  8 giant cockroaches
  8 hobgoblins
  8 jackals
  4 kobolds
  8 quokkas
  4 bats
  4 frilled lizards
  12 goblins
  3 rats
135 creatures vanquished.

Notes
Turn   | Place    | Note
-------+----------+-------------------------------------------
     0 | D:1      | qw the Gargoyle Hunter began the quest for the Orb.
     0 | D:1      | Reached XP level 1. HP: 12/12 MP: 1/1
     0 | D:1      | 0 ||| qw: Version: 0.3-a-76-g4403597
     0 | D:1      | 0 ||| qw: Game counter: 1172
     0 | D:1      | 0 ||| qw: Melee chars always use a shield: true
     0 | D:1      | 0 ||| qw: God list: Okawaru
     0 | D:1      | 0 ||| qw: Allow faded altars: false
     0 | D:1      | 0 ||| qw: Do Orc after clearing Dungeon:15 true
     0 | D:1      | 0 ||| qw: Do second Lair branch before Depths: true
     0 | D:1      | 0 ||| qw: Lair rune preference: random
     0 | D:1      | 0 ||| qw: Goals: Normal
     0 | D:1      | 0 ||| PLANNING D:1-11
    29 | D:1      | HP: 2/12 [quokka (3)]
   103 | D:1      | Found Coyma's Antique Armour Shop.
   107 | D:1      | 107 ||| SHOPLISTING cloak (85 gold, have 7).
   107 | D:1      | 107 ||| SHOPLISTING ring mail (76 gold, have 7).
   107 | D:1      | 107 ||| SHOPLISTING runed ring mail (133 gold, have 7).
   151 | D:1      | Reached XP level 2. HP: 11/17 MP: 2/2
   263 | D:1      | 263 ||| Stepping ~*~*~tactically~*~*~ (outnumbered).
   315 | D:1      | Reached XP level 3. HP: 17/21 MP: 3/3
   328 | D:1      | Reached skill level 5 in Ranged Weapons
   569 | D:1      | 569 ||| READING scroll labelled RIFAEP HEIQULAD.
   570 | D:1      | 570 ||| READING scroll labelled NIGYOX DUATS.
   571 | D:1      | 571 ||| READING scroll labelled HOABUA WEBYN.
   572 | D:1      | 572 ||| DROPPING scroll of butterflies.
   780 | D:2      | Found a white marble altar of Elyvilon.
   914 | D:2      | Noticed Jessica
   925 | D:2      | Killed Jessica
   926 | D:2      | Reached skill level 3 in Fighting
   926 | D:2      | Reached XP level 4. HP: 18/28 MP: 4/4
   966 | D:2      | Found a faded altar of an unknown god.
  1031 | D:2      | 1031 ||| Stepping ~*~*~tactically~*~*~ (outnumbered).
  1033 | D:2      | 1033 ||| RETREATING.
  1051 | D:2      | 1051 ||| Stepping ~*~*~tactically~*~*~ (water).
  1294 | D:2      | Reached XP level 5. HP: 32/32 MP: 5/5
  1430 | D:2      | 1430 ||| UPGRADING to +0 ring mail.
  1440 | D:2      | 1440 ||| DROPPING +0 leather armour.
  1441 | D:2      | 1441 ||| UPGRADING to +0 pair of gloves.
  1446 | D:2      | 1446 ||| UPGRADING to ring of protection from cold.
  1447 | D:2      | 1447 ||| READING scroll labelled SINGOA AFOAPT.
  1448 | D:2      | 1448 ||| READING scroll labelled COB JITEMNIT.
  1449 | D:2      | 1449 ||| DRINKING 2 orange potions.
  1470 | D:3      | 1470 ||| STAIRDANCE
  1497 | D:3      | Reached skill level 1 in Armour
  1512 | D:3      | Reached skill level 6 in Ranged Weapons
  1537 | D:3      | Reached XP level 6. HP: 38/38 MP: 6/6
  1541 | D:3      | Noticed Sigmund
  1550 | D:3      | 1550 ||| DRINKING potion of curing.
  1550 | D:3      | 1550 ||| (to cure confusion)
  1553 | D:3      | Killed Sigmund
  1591 | D:3      | Noticed Robin
  1596 | D:3      | Reached skill level 7 in Ranged Weapons
  1612 | D:3      | Killed Robin
  1908 | D:3      | Found a shimmering blue altar of Sif Muna.
  1910 | D:3      | Found an iron altar of Okawaru.
  1911 | D:3      | 1911 ||| PLANNING OKAWARU WORSHIP
  1911 | D:3      | 1911 ||| UPGRADING to +0 helmet.
  1916 | D:3      | 1916 ||| UPGRADING to ring of protection from cold.
  1917 | D:3      | 1917 ||| READING scroll labelled EWYIC FOAPH.
  1918 | D:3      | 1918 ||| READING scroll labelled VENYMP DAKH.
  1920 | D:3      | Found an opulent altar of Gozag.
  1926 | D:3      | Became a worshipper of Warmaster Okawaru
  1927 | D:3      | 1927 ||| PLANNING D:1-11
  2391 | D:4      | Noticed Ijyb
  2395 | D:4      | Paralysed by Ijyb for 4 turns
  2417 | D:4      | Killed Ijyb
  2418 | D:4      | Reached XP level 7. HP: 39/43 MP: 7/7
  2575 | D:4      | Found a bloodstained altar of Trog.
  2698 | D:4      | Found a stormy altar of Qazlal.
  2801 | D:4      | 2801 ||| SWAPPING to +0 orcbow.
  2804 | D:4      | 2804 ||| DROPPING +0 shortbow.
  2810 | D:4      | Reached skill level 8 in Ranged Weapons
  2999 | D:4      | 2999 ||| READING scroll labelled YWI PUOBLINTYD.
  3000 | D:4      | 3000 ||| DRINKING 2 inky potions.
  3001 | D:4      | 3001 ||| DRINKING 2 purple potions.
  3028 | D:4      | 3028 ||| DROPPING potion of attraction.
  3029 | D:4      | 3029 ||| DROPPING potion of lignification.
  3060 | D:5      | Entered Level 5 of the Dungeon
  3064 | D:5      | Found Ea-nāṣir's Fine Metal Goods.
  3070 | D:5      | 3070 ||| SHOPLISTING shiny helmet (232 gold, have 166).
  3097 | D:5      | 3097 ||| Stepping ~*~*~tactically~*~*~ (outnumbered).
  3317 | D:5      | Reached * piety under Okawaru
  3326 | D:5      | Reached XP level 8. HP: 49/49 MP: 8/8
  3342 | D:5      | Reached skill level 1 in Invocations
  3377 | D:5      | Found a runed translucent door.
  3381 | D:5      | Noticed qw's ghost (amateur GrHu)
  3389 | D:5      | 3389 ||| INVOKING Heroism.
  3548 | D:5      | You fall into a shaft and drop 3 floors!
  3585 | D:8      | 3585 ||| INVOKING Heroism.
  3587 | D:8      | 3587 ||| Stepping ~*~*~tactically~*~*~ (cloud).
  3594 | D:8      | Noticed a troll
  3595 | D:8      | 3595 ||| Stepping ~*~*~tactically~*~*~ (retreating).
  3596 | D:8      | 3596 ||| Stepping ~*~*~tactically~*~*~ (retreating).
  3602 | D:8      | Reached skill level 3 in Invocations
  3603 | D:8      | 3603 ||| INVOKING Heroism.
  3609 | D:8      | HP: 7/49 [troll (12)]
  3610 | D:8      | Slain by a troll

Levels and vault maps discovered:
D:1:      nzn_arrival_water_spiral, layout_basic, serial_shops, shop
D:2:      layout_basic, ebering_ecumenical_altar_rust, basic_altar,
          serial_bayou, serial_bayou_pond_e, serial_bayou_pond_d,
          serial_bayou_pond_a, serial_bayou_crossing, uniq_jessica
D:3:      layout_basic, grunt_temple_overflow_open, uniq_sigmund, uniq_robin
D:4:      layout_basic, lemuel_crystal_altar, overflow_temple_1_default,
          uniq_ijyb
D:5:      cheibrodos_two_vegetables, layout_loops_ring, ebering_ghost_sewer_f,
          nicolae_ea-nasir_strikes_again, reono_crystal_passage,
          serial_park_tiny_2
D:8:      layout_cave_pods, xom_shifter_show

Skill      XL: |  1  2  3  4  5  6  7  8 |
---------------+-------------------------+-----
Ranged Weapons | 5 6 7 8 |  8.8
Fighting       | 3 4 5 |  5.1
Armour         | 1 2 |  2.2
Dodging        | 2 |  2.1
Invocations    | 3 |  3.6
Stealth        | |  1.1

Action                     |  1- 3 |  4- 6 |  7- 9 || total
---------------------------+-------+-------+-------++-------
   Fire: Shortbow          |   139 |   197 |    78 ||   414
         Orcbow            |       |       |   126 ||   126
 Invoke: Heroism           |       |       |     3 ||     3
    Use: Scroll            |     3 |     4 |     1 ||     8
         Potion            |       |     2 |     2 ||     4
 Armour: Leather armour    |    72 |    37 |       ||   109
         Ring mail         |       |    46 |   116 ||   162
  Dodge: Dodged            |    65 |    86 |    76 ||   227

Table legend:
 A = Non-vault XP
 B = Vault XP
 C = Vault XP percentage of total XP
 D = Non-vault monster count
 E = Vault monster count
 F = Vault count percentage of total count
                 A         B        C        D         E       F
            +---------+---------+-------+---------+---------+-------
      Total |    1451 |     338 |  18.9 |     119 |      16 |  11.9
            +---------+---------+-------+---------+---------+-------
        D:1 |      59 |       0 |   0.0 |      31 |       0 |   0.0
        D:2 |      92 |      37 |  28.7 |      21 |       1 |   4.5
        D:3 |     160 |     262 |  62.1 |      20 |      14 |  41.2
        D:4 |     382 |      39 |   9.3 |      21 |       1 |   4.5
        D:5 |     493 |       0 |   0.0 |      24 |       0 |   0.0
        D:8 |     265 |       0 |   0.0 |       2 |       0 |   0.0
            +---------+---------+-------+---------+---------+-------
